 Dungeon Crawl Stone Soup version 0.29.0-4-gdea44cf6ec (webtiles) character file.

Game seed: 6312390619246816678

7347 qw the Cleaver (level 11, -2/72 HPs)
             Began as a Gargoyle Berserker on Sept 5, 2022.
             Was a Priest of Trog.
             Engulfed by an ice statue's freezing vapour (27 damage)
             ... on level 1 of the Lair of Beasts.
             The game lasted 00:03:58 (10976 turns).

qw the Cleaver (Gargoyle Berserker)                Turns: 10976, Time: 00:03:59

Health: -2/72      AC: 21    Str: 26    XL:     11   Next: 13%
Magic:  11/11      EV:  9    Int:  7    God:    Trog [***...]
Gold:   185        SH:  0    Dex:  9    Spells: 10/10 levels left

rFire   . . .      SeeInvis .   Y - +2 broad axe (vorpal)
rCold   . . .      Faith    .   (no shield)
rNeg    + . .      Spirit   .   g - +0 chain mail
rPois   inf        Reflect  .   (no helmet)
rElec   +          Harm     .   (no cloak)
rCorr   .          Rampage  .   f - +0 pair of gloves
Will    .....                   n - +0 pair of boots
Stlth   ..........              (no amulet)
HPRegen 0.22/turn               (no ring)
MPRegen 0.12/turn               (no ring)

@: about to teleport, on berserk cooldown, slowed, very slow
A: sickness immunity, AC +8, negative energy resistance 1, electricity
resistance, torment resistance 1, petrification resistance
a: Renounce Religion, Berserk, Trog's Hand


You were on level 1 of the Lair of Beasts.
You worshipped Trog.
Trog was most pleased with you.
You visited 2 branches of the dungeon, and saw 9 of its levels.

You collected 425 gold pieces.
You spent 240 gold pieces at shops.


Innate Abilities, Weirdness & Mutations

You are immune to sickness and miasma.
Your stone body is resilient. (AC +8)
You are immune to poison.
You resist negative energy. (rN+)
You are resistant to electric shocks. (rElec)
You are resistant to unholy torment.
You are immune to petrification.


   Skills:
 - Level 10.1 Fighting
 + Level 12.0 Axes
 - Level 1.6 Throwing
 - Level 7.0 Armour
 - Level 2.4 Dodging


You had 10 spell levels left.
You didn't know any spells.
Your spell library was empty.

Inventory:

Hand Weapons
 p - a +1 flail of protection
 Y - a +2 vorpal broad axe (weapon)
Missiles
 l - 3 boomerangs (quivered)
Armour
 f - a +0 pair of gloves (worn)
 g - a +0 chain mail (worn)
 n - a +0 pair of boots (worn)
Scrolls
 b - 5 scrolls of identify
 i - a scroll of teleportation
Potions
 a - a potion of berserk rage {unknown}
 c - a potion of mutation
 d - a potion of might

Dungeon Overview and Level Annotations

Branches:
Dungeon (8/15)             Temple (0/1) D:7            Lair (1/5) D:8

Altars:
Ashenzari
Cheibriados
Hepliaklqana
Trog
Uskayaw
Wu Jian
Xom
Yredelemnul
Zin

Shops:
D:7 **


Message History

You kill the ice beast!
The ice beast disappears in a puff of smoke!
You are engulfed in freezing vapours.
You're standing in a cloud of freezing vapour!
You are engulfed in freezing vapours.
The ice statue gestures.
You hit the ice beast.
The ice beast is moderately wounded.
You are engulfed in freezing vapours.
You slice the ice beast!!
You kill the ice beast!
The ice beast disappears in a puff of smoke!
You slash the ice beast!
You are engulfed in freezing vapours.
The ice beast hits you but does no damage.
Your unstable footing causes you to fumble your attack.
You are engulfed in freezing vapours.
You closely miss the ice beast.
The ice beast is heavily wounded.
You are engulfed in freezing vapours.
The ice beast hits you but does no damage.
You barely miss the ice beast.
The ice beast is heavily wounded.
You are engulfed in freezing vapours.
The ice beast barely misses you.
You slice the ice beast!!
You kill the ice beast!
The ice beast disappears in a puff of smoke!
You are engulfed in freezing vapours.
You are no longer berserk.
You are exhausted.
You feel yourself slow down.
10975 ||| READING 2 scrolls of teleportation.
As you read the scroll of teleportation, it crumbles to dust.
You feel strangely unstable.
You are engulfed in freezing vapours.
The ice beast hits you but does no damage.
10976 ||| DRINKING potion of heal wounds.
You feel much better.
You are engulfed in freezing vapours.
You die...

...#...............##.
#.. ..............P...
##..###P.#.###.###.....
#......................
#.....................
##.................P...
.#...................##.
......%............P..#.
~~~~~~~@~~~##.###.##...P
~~~~~~~Y~~~~~~##%## #P..
~~~~~~0~0~~~~~~~~~# .##
~.......~.~~~~~~~~~~
............~~~~~~~~~~
....\.............~~~~~~
8$?[)$$$8....$..~...~~~~
######################~~
##


You could see an ice statue and an ice beast (summoned).

Vanquished Creatures
  Pikel (D:7)
  2 rime drakes (Lair:1)
  4 polar bears (Lair:1)
  Prince Ribbit (D:5)
  9 yaks
  Eustachio (D:6)
  Edmund (D:6)
  An acid dragon (D:8)
  Duvessa (D:7)
  4 water moccasins
  A sky beast (D:7)
  A black bear (D:6)
  An ice beast (D:6)
  2 ogres (D:6)
  A wolf (Lair:1)
  A phantom (D:7)
  4 lemures
  A centaur (D:7)
  2 kobold brigands (D:8)
  2 bullfrogs (D:8)
  A gnoll sergeant (D:6)
  A necrophage (D:5)
  5 scorpions
  A two-headed ogre simulacrum (Lair:1)
  5 wights (D:7)
  Dowan (D:7)
  3 killer bees (D:8)
  A howler monkey (D:6)
  2 jellies
  5 hounds
  2 orc priests (D:8)
  2 gnoll boudas
  Ijyb (D:3)
  Jessica (D:3)
  2 iguanas
  4 orc wizards
  Natasha (twice) (D:3)
  5 hell rats (Lair:1)
  A spriggan simulacrum (Lair:1)
  A wolf simulacrum (Lair:1)
  10 gnolls
  5 adders
  2 shadow imps
  2 white imps
  5 dart slugs
  16 orcs
  3 endoplasms
  4 giant cockroaches
  8 goblins
  6 hobgoblins
  4 jackals (D:1)
  5 quokkas
  7 ball pythons
  3 bats
  5 frilled lizards
  19 kobolds
  3 rats
194 creatures vanquished.

Vanquished Creatures (collateral kills)
  A harpy simulacrum (Lair:1)
  A wolf (Lair:1)
  A troll simulacrum (Lair:1)
  A spriggan simulacrum (Lair:1)
4 creatures vanquished.

Grand Total: 198 creatures vanquished

Notes
Turn   | Place    | Note
-------+----------+-------------------------------------------
     0 | D:1      | qw the Gargoyle Berserker began the quest for the Orb.
     0 | D:1      | Reached XP level 1. HP: 14/14 MP: 1/1
     0 | D:1      | 0 ||| qw: Version: 0.1-a-104-g96f76f8
     0 | D:1      | 0 ||| qw: Game counter: 6006
     0 | D:1      | 0 ||| qw: Always use a shield: true
     0 | D:1      | 0 ||| qw: Do Orc after D:15 true
     0 | D:1      | 0 ||| qw: Do second Lair branch before Depths: true
     0 | D:1      | 0 ||| qw: Lair rune preference: random
     0 | D:1      | 0 ||| qw: Plans: Normal
     0 | D:1      | 0 ||| PLANNING D:1-11
    18 | D:1      | Reached skill level 3 in Axes
    22 | D:1      | 22 ||| INVOKING Berserk.
    23 | D:1      | 23 ||| INVOKING Berserk.
   266 | D:1      | Found a faded altar of an unknown god.
   275 | D:1      | Reached XP level 2. HP: 15/19 MP: 2/2
   400 | D:1      | 400 ||| DROPPING +0 club.
   496 | D:1      | 496 ||| Stepping ~*~*~tactically~*~*~ (hiding).
   598 | D:1      | 598 ||| Stepping ~*~*~tactically~*~*~ (hiding).
   801 | D:1      | Reached XP level 3. HP: 21/23 MP: 3/3
  1327 | D:1      | 1327 ||| UPGRADING to +0 pair of gloves.
  1332 | D:1      | 1332 ||| DROPPING amulet of magic regeneration.
  1333 | D:1      | 1333 ||| READING scroll labelled TIOJERU MOINK.
  1336 | D:1      | 1336 ||| READING scroll labelled ESTRYT NUROA.
  1337 | D:1      | 1337 ||| READING scroll labelled ETAFUCHUWK.
  1509 | D:2      | Reached skill level 4 in Axes
  1511 | D:2      | Found a basalt altar of Yredelemnul.
  1597 | D:2      | Reached ** piety under Trog
  2188 | D:2      | 2188 ||| Stepping ~*~*~tactically~*~*~ (stealth).
  2199 | D:2      | Reached XP level 4. HP: 21/28 MP: 4/4
  2199 | D:2      | 2199 ||| Stepping ~*~*~tactically~*~*~ (stealth).
  2454 | D:2      | 2454 ||| UPGRADING to +0 ring mail.
  2464 | D:2      | 2464 ||| DROPPING +0 animal skin.
  2465 | D:2      | 2465 ||| READING scroll labelled ZYGA AVINACRIP.
  2466 | D:2      | 2466 ||| READING scroll labelled JINWA HEM ZIDD.
  2518 | D:2      | 2518 ||| READING scroll labelled GODABIG UVYOM.
  2560 | D:3      | Noticed Ijyb
  2561 | D:3      | 2561 ||| Stepping ~*~*~tactically~*~*~ (hiding).
  2563 | D:3      | 2563 ||| INVOKING Berserk.
  2570 | D:3      | Killed Ijyb
  2711 | D:3      | 2711 ||| Stepping ~*~*~tactically~*~*~ (stealth).
  2825 | D:3      | Noticed Jessica
  2826 | D:3      | 2826 ||| Stepping ~*~*~tactically~*~*~ (hiding).
  2837 | D:3      | Killed Jessica
  2838 | D:3      | Reached skill level 5 in Axes
  2838 | D:3      | Reached XP level 5. HP: 20/32 MP: 5/5
  3042 | D:3      | 3042 ||| READING scroll of teleportation.
  3062 | D:3      | 3062 ||| Stepping randomly (stuck).
  3082 | D:3      | Found a broken altar of Ashenzari.
  3164 | D:3      | 3164 ||| READING scroll labelled CASIAW GOMIJA.
  3165 | D:3      | 3165 ||| Stepping randomly (stuck).
  3166 | D:3      | 3166 ||| Stepping randomly (stuck).
  3167 | D:3      | 3167 ||| Stepping randomly (stuck).
  3168 | D:3      | 3168 ||| Stepping randomly (stuck).
  3169 | D:3      | 3169 ||| Stepping randomly (stuck).
  3170 | D:3      | 3170 ||| Stepping randomly (stuck).
  3171 | D:3      | 3171 ||| Stepping randomly (stuck).
  3172 | D:3      | 3172 ||| Stepping randomly (stuck).
  3173 | D:3      | 3173 ||| Stepping randomly (stuck).
  3174 | D:3      | 3174 ||| Stepping randomly (stuck).
  3175 | D:3      | 3175 ||| Stepping randomly (stuck).
  3176 | D:3      | 3176 ||| Stepping randomly (stuck).
  3177 | D:3      | 3177 ||| Stepping randomly (stuck).
  3178 | D:3      | 3178 ||| Stepping randomly (stuck).
  3179 | D:3      | 3179 ||| Stepping randomly (stuck).
  3180 | D:3      | 3180 ||| Stepping randomly (stuck).
  3181 | D:3      | 3181 ||| Stepping randomly (stuck).
  3182 | D:3      | 3182 ||| Stepping randomly (stuck).
  3188 | D:3      | 3188 ||| Stepping randomly (stuck).
  3189 | D:3      | 3189 ||| Stepping randomly (stuck).
  3191 | D:3      | 3191 ||| Stepping randomly (stuck).
  3192 | D:3      | 3192 ||| Stepping randomly (stuck).
  3193 | D:3      | 3193 ||| Stepping randomly (stuck).
  3194 | D:3      | 3194 ||| Stepping randomly (stuck).
  3195 | D:3      | 3195 ||| Stepping randomly (stuck).
  3273 | D:3      | Found a bloodstained altar of Trog.
  3273 | D:3      | Found a shimmering altar of Xom.
  3306 | D:3      | Noticed Natasha
  3308 | D:3      | 3308 ||| INVOKING Berserk.
  3311 | D:3      | Killed Natasha
  3328 | D:3      | Noticed Natasha
  3329 | D:3      | 3329 ||| Stepping ~*~*~tactically~*~*~ (stealth).
  3357 | D:3      | 3357 ||| Stepping ~*~*~tactically~*~*~ (hiding).
  3362 | D:3      | 3362 ||| INVOKING Berserk.
  3374 | D:3      | Killed Natasha
  3505 | D:3      | 3505 ||| UPGRADING to +0 chain mail.
  3515 | D:3      | 3515 ||| DROPPING +0 ring mail.
  3715 | D:4      | 3715 ||| INVOKING Berserk.
  3718 | D:4      | Reached XP level 6. HP: 21/38 MP: 6/6
  3980 | D:4      | 3980 ||| DROPPING +0 whip.
  4219 | D:4      | 4219 ||| INVOKING Berserk.
  4226 | D:4      | Reached skill level 6 in Axes
  4887 | D:4      | Found a hazy altar of Hepliaklqana.
  4890 | D:4      | 4890 ||| READING scroll labelled ZUROTW UMUOPOMP.
  4891 | D:4      | 4891 ||| READING 2 scrolls of identify.
  4891 | D:4      | 4891 ||| IDENTIFYING coppery potion
  4937 | D:5      | Entered Level 5 of the Dungeon
  4958 | D:5      | 4958 ||| INVOKING Berserk.
  5091 | D:5      | Reached skill level 3 in Armour
  5107 | D:5      | Noticed Prince Ribbit
  5108 | D:5      | 5108 ||| INVOKING Berserk.
  5115 | D:5      | Reached XP level 7. HP: 43/43 MP: 7/7
  5128 | D:5      | HP: 8/43 [Prince Ribbit (10)]
  5129 | D:5      | Killed Prince Ribbit
  5130 | D:5      | Reached skill level 7 in Axes
  5210 | D:5      | 5210 ||| INVOKING Berserk.
  5761 | D:5      | 5761 ||| DRINKING 2 smoky red potions.
  5762 | D:5      | 5762 ||| READING 4 scrolls of identify.
  5762 | D:5      | 5762 ||| IDENTIFYING blue potion
  5763 | D:5      | 5763 ||| READING 3 scrolls of identify.
  5763 | D:5      | 5763 ||| IDENTIFYING fuming black potion
  5764 | D:5      | 5764 ||| READING 2 scrolls of identify.
  5764 | D:5      | 5764 ||| IDENTIFYING sedimented white potion
  5765 | D:5      | 5765 ||| DROPPING potion of degeneration.
  5766 | D:5      | 5766 ||| DROPPING potion of attraction.
  5781 | D:6      | Found a snail-covered altar of Cheibriados.
  5811 | D:6      | Reached XP level 8. HP: 29/49 MP: 8/8
  5811 | D:6      | 5811 ||| STAIRDANCE
  5978 | D:6      | 5978 ||| Stepping ~*~*~tactically~*~*~ (stealth).
  5982 | D:6      | 5982 ||| Stepping ~*~*~tactically~*~*~ (hiding).
  6004 | D:6      | 6004 ||| INVOKING Berserk.
  6017 | D:6      | Reached skill level 8 in Axes
  6198 | D:6      | 6198 ||| Stepping ~*~*~tactically~*~*~ (stealth).
  6242 | D:6      | Reached skill level 1 in Throwing
  6273 | D:6      | Reached skill level 6 in Fighting
  6275 | D:6      | 6275 ||| Stepping ~*~*~tactically~*~*~ (hiding).
  6284 | D:6      | 6284 ||| Stepping ~*~*~tactically~*~*~ (stealth).
  6287 | D:6      | 6287 ||| Stepping ~*~*~tactically~*~*~ (stealth).
  6323 | D:6      | 6323 ||| INVOKING Berserk.
  6369 | D:6      | 6369 ||| Stepping ~*~*~tactically~*~*~ (stealth).
  6370 | D:6      | 6370 ||| Stepping ~*~*~tactically~*~*~ (stealth).
  6387 | D:6      | 6387 ||| Stepping ~*~*~tactically~*~*~ (stealth).
  6388 | D:6      | 6388 ||| Stepping ~*~*~tactically~*~*~ (stealth).
  6622 | D:6      | Noticed Edmund
  6623 | D:6      | 6623 ||| Stepping ~*~*~tactically~*~*~ (hiding).
  6626 | D:6      | 6626 ||| Stepping ~*~*~tactically~*~*~ (hiding).
  6631 | D:6      | 6631 ||| INVOKING Berserk.
  6643 | D:6      | Killed Edmund
  6644 | D:6      | Reached XP level 9. HP: 55/55 MP: 9/9
  6763 | D:6      | 6763 ||| DROPPING +0 flail.
  6834 | D:6      | 6834 ||| INVOKING Berserk.
  6842 | D:6      | Reached skill level 9 in Axes
  6854 | D:6      | Noticed Eustachio
  6876 | D:6      | Killed Eustachio
  7088 | D:6      | Found a hide-covered altar of Uskayaw.
  7396 | D:6      | 7396 ||| INVOKING Berserk.
  7591 | D:6      | 7591 ||| UPGRADING to +0 pair of boots.
  7596 | D:6      | 7596 ||| READING scroll labelled INKILLUPPI.
  7597 | D:6      | 7597 ||| READING scroll labelled TUUXAKHLOURO.
  7598 | D:6      | 7598 ||| DRINKING 2 glowing amethyst potions.
  7599 | D:6      | 7599 ||| READING 2 scrolls of identify.
  7599 | D:6      | 7599 ||| IDENTIFYING fizzy golden potion
  7600 | D:6      | 7600 ||| DROPPING potion of lignification.
  7646 | D:7      | Found a staircase to the Ecumenical Temple.
  7647 | D:7      | Noticed Dowan
  7649 | D:7      | Noticed Pikel
  7649 | D:7      | 7649 ||| Stepping ~*~*~tactically~*~*~ (stealth).
  7650 | D:7      | 7650 ||| STAIRDANCE
  7684 | D:7      | 7684 ||| STAIRDANCE
  7688 | D:7      | Noticed Duvessa
  7689 | D:7      | 7689 ||| STAIRDANCE
  7825 | D:7      | 7825 ||| INVOKING Berserk.
  7828 | D:7      | Killed Dowan
  7836 | D:7      | Killed Duvessa
  7842 | D:7      | HP: 14/57 [Pikel/+2 whip of flaming (1)]
  7843 | D:7      | 7843 ||| READING 2 scrolls of teleportation.
  7844 | D:7      | 7844 ||| DRINKING potion of heal wounds.
  7959 | D:7      | 7959 ||| FLEEEEING.
  7960 | D:7      | 7960 ||| FLEEEEING.
  7962 | D:7      | 7962 ||| INVOKING Berserk.
  7966 | D:7      | Killed Pikel
  7967 | D:7      | Reached skill level 10 in Axes
  7972 | D:7      | 7972 ||| Stepping ~*~*~tactically~*~*~ (hiding).
  8094 | D:7      | 8094 ||| Stepping ~*~*~tactically~*~*~ (hiding).
  8102 | D:7      | 8102 ||| INVOKING Berserk.
  8189 | D:7      | 8189 ||| Stepping ~*~*~tactically~*~*~ (stealth).
  8212 | D:7      | Found Neczeorch's Specific Store.
  8214 | D:7      | Found Peg Subb's General Store.
  8222 | D:7      | 8222 ||| BUYING +1 vorpal broad axe (195 gold).
  8222 | D:7      | Bought a +1 vorpal broad axe for 195 gold pieces
  8222 | D:7      | 8222 ||| SHOPLISTING +3 chain mail of fire resistance (397
                  | gold, have 116).
  8222 | D:7      | 8222 ||| BUYING scroll of teleportation (45 gold).
  8222 | D:7      | Bought a scroll of teleportation for 45 gold pieces
  8222 | D:7      | 8222 ||| SWAPPING to +1 vorpal broad axe.
  8223 | D:7      | 8223 ||| DROPPING +0 vorpal hand axe.
  8234 | D:7      | 8234 ||| Stepping ~*~*~tactically~*~*~ (stealth).
  8248 | D:7      | 8248 ||| Stepping ~*~*~tactically~*~*~ (stealth).
  8252 | D:7      | 8252 ||| Stepping ~*~*~tactically~*~*~ (stealth).
  8263 | D:7      | 8263 ||| FLEEEEING.
  8265 | D:7      | 8265 ||| INVOKING Berserk.
  8269 | D:7      | Reached XP level 10. HP: 47/64 MP: 10/10
  8489 | D:7      | 8489 ||| Stepping ~*~*~tactically~*~*~ (stealth).
  8491 | D:7      | 8491 ||| Stepping ~*~*~tactically~*~*~ (hiding).
  8615 | D:7      | Found an ornate altar of the Wu Jian Council.
  8619 | D:7      | 8619 ||| INVOKING Berserk.
  8671 | D:7      | 8671 ||| Stepping ~*~*~tactically~*~*~ (stealth).
  8697 | D:7      | Identified the +9 sling "Wevyehugha" {speed, rC+}
  9022 | D:7      | 9022 ||| Stepping ~*~*~tactically~*~*~ (hiding).
  9033 | D:7      | 9033 ||| Stepping ~*~*~tactically~*~*~ (stealth).
  9057 | D:7      | Reached *** piety under Trog
  9095 | D:7      | Reached skill level 11 in Axes
  9247 | D:7      | 9247 ||| Stepping ~*~*~tactically~*~*~ (stealth).
  9257 | D:7      | 9257 ||| READING 4 scrolls of identify.
  9257 | D:7      | 9257 ||| IDENTIFYING sedimented dark potion
  9258 | D:7      | 9258 ||| DROPPING potion of magic.
  9287 | D:8      | 9287 ||| Stepping ~*~*~tactically~*~*~ (hiding).
  9288 | D:8      | 9288 ||| Stepping ~*~*~tactically~*~*~ (hiding).
  9312 | D:8      | 9312 ||| FLEEEEING.
  9313 | D:8      | 9313 ||| FLEEEEING.
  9314 | D:8      | 9314 ||| STAIRDANCE
  9427 | D:8      | 9427 ||| FLEEEEING.
  9428 | D:8      | 9428 ||| STAIRDANCE
  9636 | D:8      | 9636 ||| DRINKING 2 potions of curing.
  9636 | D:8      | 9636 ||| (to cure confusion)
  9649 | D:8      | 9649 ||| Stepping ~*~*~tactically~*~*~ (stealth).
  9661 | D:8      | 9661 ||| Stepping ~*~*~tactically~*~*~ (stealth).
  9668 | D:8      | 9668 ||| Stepping ~*~*~tactically~*~*~ (stealth).
  9675 | D:8      | Reached skill level 6 in Armour
  9749 | D:8      | 9749 ||| INVOKING Berserk.
  9753 | D:8      | Reached skill level 9 in Fighting
  9946 | D:8      | Found a staircase to the Lair.
 10016 | D:8      | 10016 ||| Stepping ~*~*~tactically~*~*~ (stealth).
 10020 | D:8      | 10020 ||| Stepping ~*~*~tactically~*~*~ (stealth).
 10094 | D:8      | 10094 ||| Stepping ~*~*~tactically~*~*~ (stealth).
 10140 | D:8      | 10140 ||| Stepping ~*~*~tactically~*~*~ (stealth).
 10143 | D:8      | Found a glowing silver altar of Zin.
 10280 | D:8      | 10280 ||| FLEEEEING.
 10281 | D:8      | 10281 ||| STAIRDANCE
 10314 | D:7      | 10314 ||| READING scroll labelled JUOMEA KOSAOCW.
 10320 | D:8      | 10320 ||| DRINKING potion of curing.
 10320 | D:8      | 10320 ||| (to cure confusion)
 10514 | D:8      | 10514 ||| PLANNING LAIR
 10514 | D:8      | 10514 ||| READING scroll labelled HOTREL MAPRUESM.
 10532 | Lair:1   | Entered Level 1 of the Lair of Beasts
 10536 | Lair:1   | 10536 ||| INVOKING Berserk.
 10661 | Lair:1   | 10661 ||| Stepping ~*~*~tactically~*~*~ (stealth).
 10673 | Lair:1   | 10673 ||| INVOKING Berserk.
 10680 | Lair:1   | Reached **** piety under Trog
 10867 | Lair:1   | 10867 ||| Stepping ~*~*~tactically~*~*~ (stealth).
 10873 | Lair:1   | 10873 ||| INVOKING Berserk.
 10877 | Lair:1   | Reached skill level 12 in Axes
 10888 | Lair:1   | 10888 ||| Stepping ~*~*~tactically~*~*~ (water).
 10895 | Lair:1   | Reached XP level 11. HP: 54/71 MP: 11/11
 10899 | Lair:1   | 10899 ||| Stepping ~*~*~tactically~*~*~ (stealth).
 10914 | Lair:1   | 10914 ||| Stepping ~*~*~tactically~*~*~ (stealth).
 10931 | Lair:1   | 10931 ||| Stepping ~*~*~tactically~*~*~ (stealth).
 10932 | Lair:1   | 10932 ||| Stepping ~*~*~tactically~*~*~ (stealth).
 10933 | Lair:1   | 10933 ||| INVOKING Brothers in Arms.
 10934 | Lair:1   | 10934 ||| INVOKING Brothers in Arms.
 10941 | Lair:1   | 10941 ||| Stepping ~*~*~tactically~*~*~ (water).
 10943 | Lair:1   | 10943 ||| Stepping ~*~*~tactically~*~*~ (water).
 10951 | Lair:1   | 10951 ||| Stepping ~*~*~tactically~*~*~ (cloud).
 10952 | Lair:1   | 10952 ||| Stepping ~*~*~tactically~*~*~ (water).
 10953 | Lair:1   | 10953 ||| INVOKING Berserk.
 10974 | Lair:1   | HP: 20/108 [ice statue] (12)]
 10975 | Lair:1   | 10975 ||| READING 2 scrolls of teleportation.
 10975 | Lair:1   | HP: 4/72 [ice statue] (9)]
 10976 | Lair:1   | 10976 ||| DRINKING potion of heal wounds.
 10976 | Lair:1   | Engulfed by an ice statue's freezing vapour

Levels and vault maps discovered:
D:1:      moated_graveyard_arrival, layout_basic,
          hellmonk_ecumenical_altar_arch_garden
D:2:      layout_loops_corners, basic_altar
D:3:      layout_rooms, nicolae_overflow_two_pavilions,
          nicolae_ashenzari_skybound, uniq_natasha, uniq_jessica, uniq_ijyb
D:4:      layout_loops_corners, nicolae_hepliaklqana_hippocampus,
          grunt_decor_mini_mirrors
D:5:      layout_rooms, uniq_prince_ribbit1
D:6:      layout_gridville, cheibriados_altar_1, nicolae_uskayaw_suspiria,
          st_stairs_5, uniq_eustachio, uniq_edmund
D:7:      layout_basic, nicolae_wu_jian_wuxing_cycle,
          minmay_temple_entry_stoned_glass, abandoned_shop,
          nicolae_specific_store, uniq_pikel, uniq_duvessa
D:8:      layout_basic, zin_academy, lair_entry_dummy
Lair:1:   dreamdust_isle_of_ice, layout_chaotic_city,
          chequers_serial_rivers_micro_d, st_stairs_8,
          nicolae_lair_grove_arrangements, evilmike_ambush
          [evilmike_ambush_outer_corners, evilmike_ambush_inner_basic],
          grunt_megastairs_2

Skill      XL: |  1  2  3  4  5  6  7  8  9 10 11 |
---------------+----------------------------------+-----
Axes           | 3 4 5 6 7 8 10 12 | 12.0
Fighting       | 4 5 6 8 9 10 | 10.1
Armour         | 3 4 5 7 |  7.0
Throwing       | 1 |  1.6
Dodging        | 2 |  2.4

Action                   |  1- 3 |  4- 6 |  7- 9 | 10-12 || total
-------------------------+-------+-------+-------+-------++-------
Melee: Hand axe          |   124 |   173 |   304 |       ||   601
       Punch             |       |     2 |     3 |     2 ||     7
       Broad axe         |       |       |    11 |   216 ||   227
Throw: Boomerang         |       |    13 |    49 |    41 ||   103
Invok: Berserk           |     1 |     7 |    10 |     6 ||    24
       Brothers in Arms  |       |       |       |     1 ||     1
  Use: Scroll            |     3 |     7 |     7 |     4 ||    21
       Potion            |       |       |     3 |     3 ||     6
 Stab: Distracted        |       |       |     1 |       ||     1
Armor: Animal skin       |    31 |     5 |       |       ||    36
       Ring mail         |       |    17 |       |       ||    17
       Chain mail        |       |    55 |   183 |   147 ||   385
Dodge: Dodged            |    67 |    67 |   124 |    96 ||   354

Table legend:
 A = Non-vault XP
 B = Vault XP
 C = Vault XP percentage of total XP
 D = Non-vault monster count
 E = Vault monster count
 F = Vault count percentage of total count
                 A         B        C        D         E       F
            +---------+---------+-------+---------+---------+-------
      Total |    5726 |    4771 |  45.5 |     161 |      33 |  17.0
            +---------+---------+-------+---------+---------+-------
        D:1 |      46 |       0 |   0.0 |      25 |       0 |   0.0
        D:2 |      46 |       0 |   0.0 |      19 |       0 |   0.0
        D:3 |      54 |     110 |  67.1 |      12 |       3 |  20.0
        D:4 |     196 |       0 |   0.0 |      12 |       0 |   0.0
        D:5 |     396 |     291 |  42.4 |      10 |       1 |   9.1
        D:6 |    1100 |     627 |  36.3 |      21 |       5 |  19.2
        D:7 |    1766 |     845 |  32.4 |      25 |       3 |  10.7
        D:8 |    2122 |       0 |   0.0 |      37 |       0 |   0.0
     Lair:1 |       0 |    2898 | 100.0 |       0 |      21 | 100.0
            +---------+---------+-------+---------+---------+-------
